 Dungeon Crawl Stone Soup version 0.30.0-15-g856e2d3f33 (webtiles) character file.

Game seed: 1625677703001384680

674 qw the Chopper (level 7, -4/43 HPs)
             Began as a Gargoyle Fighter on May 20, 2023.
             Slain by an ogre
             ... wielding a +0 giant spiked club
              (17 damage)
             ... on level 5 of the Dungeon.
             The game lasted 00:01:45 (3841 turns).

qw the Chopper (Gargoyle Fighter)                   Turns: 3841, Time: 00:01:46

Health: -4/43      AC: 17    Str: 21    XL:     7   Next: 59%
Magic:  7/7        EV:  6    Int:  9    God:
Gold:   524        SH:  4    Dex:  9    Spells: 6/6 levels left

rFire   . . .        Y - +0 war axe (heavy)
rCold   . . .        c - +0 buckler
rNeg    + . .        e - +0 plate armour
rPois   inf          (no helmet)
rElec   +            h - +0 cloak
rCorr   .            (no gloves)
SInv    +            (no boots)
Will    +....        (no amulet) Stlth
                     k - ring of see invisible
HPRegen 0.27/turn    o - ring of willpower
MPRegen 0.10/turn

%: no passive effects
@: no status effects
A: sickness immunity, AC +4, negative energy resistance 1, electricity
resistance, torment resistance 1, petrification resistance
a: no special abilities


You were on level 5 of the Dungeon.
You visited 1 branch of the dungeon, and saw 5 of its levels.

You collected 524 gold pieces.


Innate Abilities, Weirdness & Mutations

You are immune to sickness and miasma.
Your stone body is resilient. (AC +4)
You are immune to poison.
You resist negative energy. (rN+)
You are resistant to electric shocks. (rElec)
You are resistant to unholy torment.
You are immune to petrification.


   Skills:
 - Level 4.0 Fighting
 + Level 6.8 Axes
 - Level 4.2 Armour
 - Level 1.0 Dodging
 - Level 3.2 Shields


You had 6 spell levels left.
You didn't know any spells.
Your spell library was empty.

Inventory:

Hand Weapons
 b - a +1 flail of holy wrath
 Y - a +0 heavy war axe (weapon)
Missiles
 i - 2 boomerangs (quivered)
Armour
 c - a +0 buckler (worn)
 e - a +0 plate armour (worn)
 h - a +0 cloak (worn)
Jewellery
 k - a ring of see invisible (left hand)
 o - a ring of willpower (right hand)
Scrolls
 j - a scroll of identify
Potions
 a - a potion of haste {unknown}
 d - 2 potions of might
 f - a potion of attraction {unknown}
 g - a potion of lignification
 l - a potion of berserk rage {unknown}
 m - a potion of degeneration {unknown}

Dungeon Overview and Level Annotations

Branches:
Dungeon (5/15)             Temple (0/1) D:5

Altars:
Sif Muna

Shops:
D:1 [

Annotations:
D:4 Duvessa


Message History

The lemure is almost dead.
You hit Pikel. The lemure hits you but does no damage.
A lemure comes into view.
You block Pikel's attack. Pikel hits you but does no damage.
The lemure hits you but does no damage.
An ogre comes into view. It is wielding a +0 giant spiked club.
The lemure shouts!
You slice the lemure!!
You kill the lemure!
That felt strangely unrewarding.
You slash Pikel! Pikel hits you but does no damage.
The lemure barely misses you.
A lemure comes into view.
Pikel hits you with a +2 whip of electrocution.
You hit Pikel.
Pikel is moderately wounded.
You hit the lemure. The lemure hits you.
Pikel says, "I'm sure the Orcish Mines are around here somewhere..."
Pikel hits you with a +2 whip of electrocution!
The lemure hits you but does no damage. Pikel hits you but does no damage.
You barely miss Pikel.
Pikel is moderately wounded.
You barely miss the lemure.
A lemure comes into view.
The lemure barely misses you.
Pikel drinks a potion.
Pikel suddenly seems more resistant.
You slash Pikel!
Pikel is heavily wounded.
You closely miss the lemure. The lemure hits you but does no damage.
Pikel hits you but does no damage.
Pikel hits you with a +2 whip of electrocution.
The lemure hits you but does no damage.
You slice Pikel!!
You kill Pikel!
You hit the lemure.
With Pikel's spell broken, his former minions thank you for their freedom.
The lemure departs this earthly plane. x2
The ogre hits you with a +0 giant spiked club!
You die...

##########.#
.........#.##
########..#.####.#
#...<)###..)..#
#.###).#.####.#
#.# #.#.##
###'###.#.#
#.....#.#.# .
#@....#.#.#
....#O¤...###.#
#.K..¤..>..'.#.#
#....#[....#...#
#....#.....##..#
.... #.....# ..#
.### ####### ##


You could see an ogre.

Vanquished Creatures
  Pikel (D:5)
  A water moccasin (D:3)
  A lemure (D:5)
  2 phantoms (D:4)
  A gnoll sergeant (D:5)
  Dowan (D:4)
  A hound (D:4)
  An orc priest (D:4)
  Jessica (D:3)
  2 orc wizards
  5 gnolls
  5 adders
  An ufetubus (D:5)
  3 dart slugs
  9 orcs
  4 ball pythons
  4 bats
  11 endoplasms
  5 giant cockroaches
  4 goblins
  7 hobgoblins
  4 jackals (D:1)
  7 kobolds
  3 quokkas
  2 frilled lizards
  5 rats
91 creatures vanquished.

Notes
Turn   | Place    | Note
-------+----------+-------------------------------------------
     0 | D:1      | qw the Gargoyle Fighter began the quest for the Orb.
     0 | D:1      | Reached XP level 1. HP: 14/14 MP: 1/1
     0 | D:1      | 0 ||| qw: Version: 0.2-a-97-g499787f
     0 | D:1      | 0 ||| qw: Game counter: 53
     0 | D:1      | 0 ||| qw: Always use a shield: true
     0 | D:1      | 0 ||| qw: God list: Okawaru
     0 | D:1      | 0 ||| qw: Allow faded altars: false
     0 | D:1      | 0 ||| qw: Do Orc after D:15 true
     0 | D:1      | 0 ||| qw: Do second Lair branch before Depths: true
     0 | D:1      | 0 ||| qw: Lair rune preference: random
     0 | D:1      | 0 ||| qw: Plans: Normal, Zot:1-4, God:TSO, Crypt, Tomb,
                  | Pan, Slime:5, Hells, Abyss, Win
     0 | D:1      | 0 ||| PLANNING D:1-11
    36 | D:1      | 36 ||| Stepping ~*~*~tactically~*~*~ (stealth).
    41 | D:1      | Reached skill level 2 in Axes
    62 | D:1      | 62 ||| Stepping ~*~*~tactically~*~*~ (hiding).
    74 | D:1      | 74 ||| Stepping ~*~*~tactically~*~*~ (stealth).
    75 | D:1      | 75 ||| Stepping ~*~*~tactically~*~*~ (stealth).
    78 | D:1      | 78 ||| Stepping ~*~*~tactically~*~*~ (stealth).
    79 | D:1      | 79 ||| Stepping ~*~*~tactically~*~*~ (stealth).
    83 | D:1      | Reached XP level 2. HP: 19/19 MP: 2/2
   116 | D:1      | Found Biofyxa's Antique Armour Shop.
   132 | D:1      | 132 ||| SHOPLISTING pair of embroidered gloves (210 gold,
                  | have 0).
   132 | D:1      | 132 ||| SHOPLISTING pair of gloves (126 gold, have 0).
   132 | D:1      | 132 ||| SHOPLISTING runed helmet (210 gold, have 0).
   218 | D:1      | 218 ||| Stepping ~*~*~tactically~*~*~ (stealth).
   261 | D:1      | Reached skill level 3 in Axes
   293 | D:1      | Reached XP level 3. HP: 22/23 MP: 3/3
   585 | D:1      | 585 ||| Stepping ~*~*~tactically~*~*~ (hiding).
   586 | D:1      | 586 ||| Stepping ~*~*~tactically~*~*~ (hiding).
   681 | D:1      | 681 ||| UPGRADING to +0 cloak.
   686 | D:1      | 686 ||| READING scroll labelled ACSIAKL HEOCUX.
   787 | D:1      | 787 ||| READING scroll labelled MUOPNI OSM.
   788 | D:1      | 788 ||| READING scroll labelled MUJEUPLACE.
   789 | D:1      | 789 ||| READING scroll labelled MAQUREHOVVE.
   790 | D:1      | 790 ||| READING scroll labelled RELAUD YTIUD.
  1370 | D:2      | 1370 ||| Stepping ~*~*~tactically~*~*~ (stealth).
  1618 | D:2      | 1618 ||| READING scroll labelled DIECHUUPLA.
  1618 | D:2      | Identified a scroll of acquirement
  1618 | D:2      | 1618 ||| ACQUIRING 337 gold pieces
  1618 | D:2      | Acquired 337 gold pieces
  1620 | D:2      | 1620 ||| DRINKING 2 ruby potions.
  1621 | D:2      | 1621 ||| DROPPING potion of flight.
  1680 | D:3      | Noticed Jessica
  1687 | D:3      | Killed Jessica
  1688 | D:3      | Reached skill level 4 in Axes
  1688 | D:3      | Reached XP level 4. HP: 22/28 MP: 4/4
  1826 | D:3      | 1826 ||| DROPPING +0 club.
  2002 | D:3      | Noticed a water moccasin
  2024 | D:3      | HP: 7/28 [water moccasin (5)]
  2026 | D:3      | Killed a water moccasin
  2027 | D:3      | Reached skill level 5 in Axes
  2027 | D:3      | Reached XP level 5. HP: 9/32 MP: 5/5
  2217 | D:3      | 2217 ||| Stepping ~*~*~tactically~*~*~ (stealth).
  2218 | D:3      | 2218 ||| Stepping ~*~*~tactically~*~*~ (stealth).
  2269 | D:3      | 2269 ||| Stepping ~*~*~tactically~*~*~ (hiding).
  2275 | D:3      | Reached XP level 6. HP: 38/38 MP: 6/6
  2778 | D:3      | 2778 ||| DRINKING 2 sedimented silvery potions.
  2815 | D:3      | 2815 ||| DRINKING 2 pink potions.
  2843 | D:4      | 2843 ||| Stepping ~*~*~tactically~*~*~ (stealth).
  2845 | D:4      | 2845 ||| Stepping ~*~*~tactically~*~*~ (stealth).
  2849 | D:4      | 2849 ||| Stepping ~*~*~tactically~*~*~ (hiding).
  2852 | D:4      | 2852 ||| DRINKING potion of curing.
  2852 | D:4      | 2852 ||| (to cure confusion)
  2870 | D:4      | Reached skill level 1 in Dodging
  3013 | D:4      | Found a shimmering blue altar of Sif Muna.
  3139 | D:4      | Reached skill level 6 in Axes
  3230 | D:4      | 3230 ||| DROPPING +0 whip.
  3351 | D:4      | Noticed Dowan
  3352 | D:4      | 3352 ||| Stepping ~*~*~tactically~*~*~ (stealth).
  3353 | D:4      | Noticed Duvessa
  3354 | D:4      | 3354 ||| Stepping ~*~*~tactically~*~*~ (stealth).
  3361 | D:4      | 3361 ||| Stepping ~*~*~tactically~*~*~ (hiding).
  3379 | D:4      | Killed Dowan
  3380 | D:4      | Reached XP level 7. HP: 20/43 MP: 7/7
  3477 | D:4      | 3477 ||| Stepping ~*~*~tactically~*~*~ (hiding).
  3491 | D:4      | 3491 ||| Stepping ~*~*~tactically~*~*~ (stealth).
  3688 | D:4      | 3688 ||| UPGRADING to +0 plate armour.
  3698 | D:4      | 3698 ||| DROPPING +0 scale mail.
  3699 | D:4      | 3699 ||| UPGRADING to ring of see invisible.
  3700 | D:4      | 3700 ||| UPGRADING to ring of willpower.
  3701 | D:4      | 3701 ||| READING scroll labelled VAUSIMP LASORA.
  3717 | D:5      | Entered Level 5 of the Dungeon
  3722 | D:5      | 3722 ||| STAIRDANCE
  3769 | D:4      | 3769 ||| DROPPING +0 flail.
  3819 | D:5      | Found a staircase to the Ecumenical Temple.
  3820 | D:5      | 3820 ||| PLANNING TEMPLE
  3829 | D:5      | Noticed Pikel
  3830 | D:5      | 3830 ||| Stepping ~*~*~tactically~*~*~ (hiding).
  3831 | D:5      | 3831 ||| Stepping ~*~*~tactically~*~*~ (hiding).
  3841 | D:5      | Killed Pikel
  3841 | D:5      | Slain by an ogre

Levels and vault maps discovered:
D:1:      amcnicky_arrival_gap_in_the_tavern_cellar, layout_loops_ring,
          serial_shops, shop, minmay_tromino_i4
D:2:      layout_loops_corners, minmay_statues_item
D:3:      wander_river, layout_loops_corners, uniq_jessica
D:4:      layout_rooms, nicolae_overflow_crystal_walls, uniq_duvessa
D:5:      kennysheep_big_flooded_room, layout_loops_ring, temple_green,
          uniq_menkaure, uniq_pikel

Skill      XL: |  1  2  3  4  5  6  7 |
---------------+----------------------+-----
Axes           | 2 3 4 5 6 |  6.8
Fighting       | 4 |  4.0
Dodging        | 1 |  1.0
Armour         | 4 |  4.2
Shields        | |  3.2

Action                     |  1- 3 |  4- 6 |  7- 9 || total
---------------------------+-------+-------+-------++-------
  Melee: War axe           |   111 |   178 |    36 ||   325
  Throw: Boomerang         |       |    14 |    13 ||    27
    Use: Scroll            |     6 |       |     1 ||     7
         Potion            |     1 |     3 |       ||     4
 Armour: Scale mail        |    50 |   100 |     1 ||   151
         Plate armour      |       |       |    26 ||    26
  Dodge: Dodged            |    41 |    69 |    14 ||   124
  Block: Buckler           |    21 |    28 |     9 ||    58

Table legend:
 A = Non-vault XP
 B = Vault XP
 C = Vault XP percentage of total XP
 D = Non-vault monster count
 E = Vault monster count
 F = Vault count percentage of total count
                 A         B        C        D         E       F
            +---------+---------+-------+---------+---------+-------
      Total |     852 |     775 |  47.6 |      85 |       5 |   5.6
            +---------+---------+-------+---------+---------+-------
        D:1 |      47 |       3 |   6.0 |      25 |       2 |   7.4
        D:2 |      13 |       0 |   0.0 |       8 |       0 |   0.0
        D:3 |     241 |      37 |  13.3 |      20 |       1 |   4.8
        D:4 |     398 |      72 |  15.3 |      26 |       1 |   3.7
        D:5 |     153 |     663 |  81.2 |       6 |       1 |  14.3
            +---------+---------+-------+---------+---------+-------
